 Dungeon Crawl Stone Soup version 0.21.1-1-g345015f (webtiles) character file.

443 letownia2 the Conjurer (level 7, -1/41 HPs)
             Began as a Tengu Fire Elementalist on Mar 5, 2018.
             Slain by an iguana (3 damage)
             ... on level 4 of the Dungeon.
             The game lasted 00:08:09 (1223 turns).

letownia2 the Conjurer (Tengu Fire Elementalist)    Turns: 1223, Time: 00:08:10

Health: -1/41      AC:  8    Str:  8      XL:     7   Next: 2%
Magic:  2/11       EV: 11    Int: 15 (17) God:
Gold:   177        SH:  0    Dex: 15      Spells: 6/10 levels left

rFire    . . .     SeeInvis .   l - +0 dagger (venom)
rCold    . . .     Gourm    .   (no shield)
rNeg     . . .     Faith    .   g - +3 ring mail
rPois    .         Spirit   .   j - +0 hat
rElec    .         Reflect  .   (no cloak)
rCorr    .         Harm     .   (no gloves)
MR       .....                  (boots unavailable)
Stlth    +.........             (no amulet)
HPRegen  0.13/turn              (no ring)
MPRegen  0.12/turn              (no ring)

@: very slightly contaminated
A: beak, talons 3, able to fly 1
a: Fly


You were on level 4 of the Dungeon.
You were not hungry.

You visited 1 branch of the dungeon, and saw 4 of its levels.

You collected 177 gold pieces.

Inventory:

Hand Weapons
 h - a +0 short sword
 l - a +0 dagger of venom (weapon)
Armour
 a - a +0 robe
 g - a +3 ring mail (worn)
 j - a +0 hat (worn)
Scrolls
 d - 2 scrolls of enchant armour {unknown}
 f - a scroll of fear {unknown}
 i - 2 scrolls of identify {unknown}
 k - a scroll of remove curse {unknown}
 m - a scroll of teleportation {unknown}
 o - 2 scrolls of magic mapping {unknown}
 q - a scroll of immolation {unknown}
Potions
 e - a potion of mutation {unknown}
 n - a potion of cancellation {unknown}
Books
 b - a book of Flames

   Spells                             Type                      Level
   a - Flame Tongue                   Conjuration/Fire             1
   b - Throw Flame                    Conjuration/Fire             2
   c - Conjure Flame                  Conjuration/Fire             3
   d - Inner Flame                    Hexes/Fire                   3
   e - Sticky Flame                   Conjuration/Fire             4
   f - Fireball                       Conjuration/Fire             5
 p - a book of Changes

   Spells                             Type                      Level
   a - Beastly Appendage              Transmutation                1
   b - Sticks to Snakes               Transmutation                2
   c - Spider Form                    Transmutation/Poison         3
   d - Ice Form                       Ice/Transmutation            4
   e - Blade Hands                    Transmutation                5
Comestibles
 c - 6 rations
 r - a chunk of flesh


   Skills:
 + Level 3.0 Fighting
 - Level 3.1 Armour
 + Level 3.0 Dodging
 - Level 2.0 Stealth
 - Level 2.0 Spellcasting
 + Level 6.6 Conjurations
 - Level 3.2 Fire Magic


You had 6 spell levels left.
You knew the following spells:

 Your Spells              Type           Power        Failure   Level  Hunger
a - Flame Tongue          Conj/Fire      ###..        9%          1    #......
c - Conjure Flame         Conj/Fire      ###.....     26%         3    ###....


Dungeon Overview and Level Annotations

Branches:
Dungeon (4/15)
 Temple: D:4-7

Altars:


Innate Abilities, Weirdness & Mutations

You have a beak for a mouth.
You have claws for feet.
You can fly.


Message History

Aiming: Flame Tongue
Press: ? - help, Shift-Dir - straight line, f/p - iguana
Aim: an iguana (almost dead)
You miscast Flame Tongue.
You are very lightly contaminated with residual magic.
Your skin glows momentarily.
The orc priest hits you with a hand axe.
* * * LOW HITPOINT WARNING * * *
The iguana bites you.
* * * LOW HITPOINT WARNING * * *
Unknown command.
Casting: Flame Tongue
Confirm with . or Enter, or press ? or * to list all spells.
Aiming: Flame Tongue
Press: ? - help, Shift-Dir - straight line, f/p - iguana
Aim: an iguana (almost dead)
The flame tongue hits the iguana.
The iguana appears unharmed.
The iguana is almost dead.
The orc priest barely misses you. The iguana bites you.
You die...

.....'..#........##
.....##...........#
.....###..........#####
.#................'...#
..................###.#
............####### #.#
..##.......... #.#
..........##...######.#.#
...........'..oo@l....>.#
.. .....#...######...#
..... ##.## .#o. .# ...
w# .. .# . .#


You could see an iguana, an orc priest and 2 orcs.

Vanquished Creatures
  The ghost of letownia2 the Conjurer, an amateur TeFE (D:4)
  A sky beast (D:4)
  A howler monkey (D:4)
  An orc priest (D:4)
  2 orc wizards (D:4)
  A worker ant (D:3)
  An adder (D:4)
  An ooze (D:3)
  An adder skeleton (D:4)
  3 worms
  9 dart slugs
  A leopard gecko (D:2)
  14 orcs (D:4)
  4 bats
  2 giant cockroaches
  A goblin (D:3)
  4 hobgoblins
  3 jackals (D:1)
  6 frilled lizards
  2 kobolds
  4 rats
63 creatures vanquished.

Notes
Turn   | Place    | Note
-------+----------+-------------------------------------------
     0 | D:1      | letownia2 the Tengu Fire Elementalist began the quest for the Orb.
     0 | D:1      | Reached XP level 1. HP: 10/10 MP: 4/4
    76 | D:1      | Reached skill level 2 in Conjurations
    94 | D:1      | Reached XP level 2. HP: 7/15 MP: 1/6
   146 | D:1      | Reached skill level 3 in Conjurations
   415 | D:2      | Reached skill level 1 in Armour
   415 | D:2      | Reached XP level 3. HP: 8/19 MP: 2/7
   420 | D:2      | Learned a level 3 spell: Conjure Flame
   617 | D:4      | Noticed letownia2's ghost (amateur TeFE)
   622 | D:4      | Killed letownia2's ghost
   622 | D:4      | Reached skill level 5 in Conjurations
   622 | D:4      | Reached XP level 4. HP: 19/24 MP: 1/8
   622 | D:4      | Gained mutation: You can fly. [Tengu growth]
   622 | D:4      | Reached XP level 5. HP: 23/28 MP: 1/9
   852 | D:4      | Reached skill level 1 in Fighting
   927 | D:4      | Noticed a sky beast
   933 | D:4      | Killed a sky beast
   933 | D:4      | Reached skill level 6 in Conjurations
   933 | D:4      | Reached XP level 6. HP: 22/35 MP: 6/10
  1140 | D:4      | Reached XP level 7. HP: 28/40 MP: 1/11
  1222 | D:4      | HP: 2/41 [iguana (6)]
  1223 | D:4      | Slain by an iguana

Skill      XL: |  1  2  3  4  5  6  7 |
---------------+----------------------+-----
Conjurations   | 2 3 5 6 |  6.6
Armour         | 1 3 |  3.1
Fighting       | 2 3 |  3.0
Dodging        | 3 |  3.0
Stealth        | |  2.0
Spellcasting   | |  2.0
Fire Magic     | |  3.2

Action                   |  1- 3 |  4- 6 |  7- 9 || total
-------------------------+-------+-------+-------++-------
Melee: Unarmed           |    29 |       |       ||    29
       Peck              |     4 |     5 |       ||     9
       Kick              |     5 |    12 |       ||    17
       Short sword       |    14 |       |       ||    14
       Dagger            |     5 |    39 |     1 ||    45
 Cast: Flame Tongue      |    42 |    43 |     9 ||    94
  Use: Potion            |       |     3 |       ||     3
  Eat: Chunk             |       |     3 |       ||     3
Armor: Robe              |    17 |       |       ||    17
       Ring mail         |    21 |    22 |     3 ||    46
Dodge: Dodged            |    54 |    23 |     5 ||    82
